 Dungeon Crawl Stone Soup version 0.29.1-15-g9cfb28693d (webtiles) character file.

Game seed: 3127092327872221979

1975 EarthwalkerPL the Covered (level 9, -3/79 HPs)
             Began as a Minotaur Fighter on Mar 24, 2023.
             Was an Initiate of Okawaru.
             Shot with a bolt by an orc warrior (6 damage)
             ... in a bailey.
             The game lasted 00:10:55 (6035 turns).

EarthwalkerPL the Covered (Minotaur Fighter)        Turns: 6035, Time: 00:10:56

Health: -3/79      AC: 10    Str: 34    XL:     9   Next: 0%
Magic:  8/8        EV: 10    Int: 11    God:    Okawaru [......]
Gold:   369        SH:  5    Dex: 10    Spells: 8/8 levels left

rFire   + . .      SeeInvis .   E - +6 war axe of the Hawk {venom, Will+ Str+3}
rCold   + . .      Faith    .   c - +0 buckler
rNeg    . . .      Spirit   .   b - +0 scale mail
rPois   .          Reflect  .   (helmet restricted)
rElec   .          Harm     .   o - scarf {rC+ rF+}
rCorr   .          Rampage  .   q - +0 pair of gloves
Will    +....                   F - +0 pair of boots
Stlth   ..........              (no amulet)
HPRegen 0.23/turn               e - +6 ring of intelligence
MPRegen 0.11/turn               y - +6 ring of strength

@: no status effects
A: horns 2, retaliatory headbutt
a: Renounce Religion


You were in a bailey.
You worshipped Okawaru.
Okawaru was noncommittal.
You visited 2 branches of the dungeon, and saw 8 of its levels.
You also visited: Bailey.

You collected 369 gold pieces.

Inventory:

Hand Weapons
 a - a +0 war axe
 E - the +6 war axe of the Hawk (weapon) {venom, Will+ Str+3}
   (You found it on level 6 of the Dungeon)

   It poisons the flesh of those it strikes.
   Str:       It affects your strength (+3).
   Will:      It increases your willpower.
 K - a +0 spear
 M - a +0 arbalest
Missiles
 s - 10 poisoned darts
 t - 6 datura-tipped darts
 B - 2 boomerangs (quivered)
Armour
 b - a +0 scale mail (worn)
 c - a +0 buckler (worn)
 o - a scarf of resistance (worn)
 q - a +0 pair of gloves (worn)
 F - a +0 pair of boots (worn)
Jewellery
 e - a +6 ring of intelligence (left hand)
 k - a ring of wizardry
 y - a +6 ring of strength (right hand)
 H - an amulet of magic regeneration
Wands
 w - a wand of flame (2)
 A - a wand of quicksilver (4)
Scrolls
 f - 3 scrolls of identify
 g - a scroll of poison
 h - a scroll of torment
 j - 2 scrolls of enchant weapon
 l - 4 scrolls of teleportation
 x - 2 scrolls of immolation
 D - 4 scrolls of enchant armour
 G - a scroll of vulnerability
 J - a scroll of summoning {unknown}
 L - a scroll of amnesia {unknown}
Potions
 d - a potion of might
 i - a potion of resistance {unknown}
 m - a potion of degeneration {unknown}
 n - 5 potions of curing {unknown}
 p - 3 potions of mutation {unknown}
 r - 2 potions of flight {unknown}
 u - 2 potions of berserk rage
 v - a potion of attraction {unknown}
 z - a potion of magic {unknown}
 C - a potion of brilliance {unknown}
 I - a potion of lignification {unknown}


   Skills:
 + Level 7.5 Fighting
 + Level 6.9 Axes
 + Level 3.8 Throwing
 + Level 7.5 Armour
 + Level 7.5 Shields


You had 8 spell levels left.
You didn't know any spells.
Your spell library contained the following spells:

 Spells                   Type           Power      Damage    Failure   Level
 Beastly Appendage        Tmut           0%         N/A       61%         1
 Magic Dart               Conj           0%         1d3       61%         1
 Ensorcelled Hibernation  Hex/Ice        0%         N/A       75%         2
 Passwall                 Tmut/Erth      0%         N/A       75%         2
 Searing Ray              Conj           0%         2d4       75%         2
 Wereblood                Tmut           0%         N/A       75%         2
 Confusing Touch          Hex            0%         N/A       93%         3
 Spider Form              Tmut/Pois      0%         N/A       93%         3
 Swiftness                Air            0%         N/A       93%         3
 Fulminant Prism          Conj/Hex       0%         3d6       100%        4
 Hailstorm                Conj/Ice       0%         3d3       100%        4
 Ice Form                 Ice/Tmut       0%         N/A       100%        4
 Yara's Violent Unravell  Hex/Tmut       0%         3d3       100%        5
 Enfeeble                 Hex            0%         N/A       100%        7
 Simulacrum               Ice/Necr       Unusable   N/A       N/A         6

Dungeon Overview and Level Annotations

Branches:
Dungeon (7/15)             Temple (1/1) D:7          Bailey (1/1)

Altars:
Ashenzari
Cheibriados
Dithmenos
Elyvilon
Fedhas
Gozag
Hepliaklqana
Kikubaaqudgha
Makhleb
Nemelex Xobeh
Okawaru
Qazlal
Ru
Sif Muna
Trog
Uskayaw
Vehumet
Wu Jian
Xom
Yredelemnul
Zin
The Shining One

Shops:
D:6 *


Innate Abilities, Weirdness & Mutations

You have a pair of horns on your head.
You reflexively headbutt those who attack you in melee.


Message History

The orc warrior shoots a bolt.
The bolt hits you!
The orc warrior shoots a bolt.
The bolt barely misses you.
You barely miss the orc warrior.
The orc warrior shoots a bolt.
The bolt hits you!!
Unknown command.
The orc warrior unwields a +0 arbalest.
The orc warrior hits you!
The orc warrior unwields a +0 arbalest.
The orc warrior hits you but does no damage.
You slice the orc warrior!!
You kill the orc warrior!
Okawaru accepts your kill.
You slash the orc warrior!
The orc shoots a bolt.
You block the bolt. The orc warrior closely misses you.
The orc warrior shoots a bolt.
The bolt hits you but does no damage.
The orc shoots a bolt.
The bolt hits you.
You have reached level 9!
Your experience leads to an increase in your attributes!
Your base attributes are Str 23, Int 5, Dex 10.
Increase (S)trength, (I)ntelligence, or (D)exterity?
You feel stronger. x2
The orc warrior attacks as you move away!
You block the orc warrior's attack.
The orc warrior wields a +0 arbalest.
The orc warrior shoots a bolt.
The bolt barely misses you.
The orc warrior unwields a +0 arbalest.
The orc warrior hits you.
The orc unwields a +0 arbalest.
The orc barely misses you.
Things that are here:
a +0 arbalest; a +3 scale mail; an orc corpse You slash the orc!
You kill the orc!
Okawaru accepts your kill.
You miss the orc warrior.
The orc warrior shoots a bolt.
The bolt completely misses you. You block the orc warrior's attack.
You closely miss the orc warrior.
You headbutt the orc warrior, but do no damage.
The orc warrior shoots a bolt.
The bolt hits you!!
* * * LOW HITPOINT WARNING * * *
The orc warrior barely misses you.
The orc warrior shoots a bolt.
You block the bolt.
You closely miss the orc warrior. You block the orc warrior's attack.
The orc warrior shoots a bolt.
The bolt hits you.
You die...

... ... ... ...
.... ≈≈≈ ...
....≈ ### ....
....≈##.##≈....
......... ≈.....
....≈#∩o##≈.....#
....≈##@#≈≈.....#
....≈≈≈.≈≈......#
......o.........#
................#
..##............#
# #............#
#............#
#............#
#............#


You could see 2 orc warriors.

Vanquished Creatures
  3 steam dragons
  A water moccasin (D:5)
  2 orc warriors (Bailey)
  A black bear (D:5)
  2 ice beasts
  2 ogres
  A phantom (D:5)
  2 necrophages
  A scorpion (D:5)
  3 hounds
  2 jellies (D:5)
  3 orc priests (D:5)
  2 iguanas
  3 orc wizards
  4 gnolls
  6 adders
  A white imp (D:6)
  A worm (D:6)
  4 dart slugs
  24 orcs
  9 ball pythons
  7 bats
  4 endoplasms
  2 giant cockroaches (D:1)
  6 hobgoblins
  8 kobolds
  3 quokkas
  5 frilled lizards
  11 goblins
  28 rats
151 creatures vanquished.

Notes
Turn   | Place    | Note
-------+----------+-------------------------------------------
     0 | D:1      | EarthwalkerPL the Minotaur Fighter began the quest for the
                  | Orb.
     0 | D:1      | Reached XP level 1. HP: 19/19 MP: 0/0
   239 | D:1      | Reached XP level 2. HP: 27/27 MP: 1/1
   610 | D:1      | Reached XP level 3. HP: 33/33 MP: 2/2
  1397 | D:2      | Reached XP level 4. HP: 36/40 MP: 3/3
  1710 | D:3      | Found a shadowy altar of Dithmenos.
  2144 | D:3      | Found a faded altar of an unknown god.
  2553 | D:4      | Reached XP level 5. HP: 47/47 MP: 4/4
  2859 | D:4      | Reached skill level 5 in Fighting
  2859 | D:4      | Reached skill level 5 in Armour
  2859 | D:4      | Reached skill level 5 in Shields
  3010 | D:5      | Entered Level 5 of the Dungeon
  3049 | D:5      | Noticed a black bear
  3058 | D:5      | Killed a black bear
  3059 | D:5      | Reached XP level 6. HP: 54/56 MP: 5/5
  3378 | D:5      | Reached skill level 5 in Axes
  3378 | D:5      | Reached XP level 7. HP: 61/62 MP: 6/6
  3702 | D:5      | Reached skill level 1 in Throwing
  4405 | D:6      | Identified the +6 war axe of the Hawk {venom, Will+ Str+3}
  4501 | D:6      | Reached XP level 8. HP: 71/71 MP: 7/7
  4733 | D:6      | Found a snail-covered altar of Cheibriados.
  4796 | D:6      | Found Keasot's General Store.
  4929 | D:6      | Found a shimmering blue altar of Sif Muna.
  5101 | D:6      | Found a burning altar of Makhleb.
  5240 | D:6      | Found an ornate altar of the Wu Jian Council.
  5262 | D:6      | Found a blossoming altar of Fedhas.
  5403 | D:7      | Found a staircase to the Ecumenical Temple.
  5414 | Temple   | Entered the Ecumenical Temple
  5485 | Temple   | Became a worshipper of Warmaster Okawaru
  5629 | D:7      | Found a flagged portal.
  5680 | Bailey   | Entered a bailey
  6032 | Bailey   | Reached XP level 9. HP: 29/79 MP: 8/8
  6034 | Bailey   | HP: 3/79 [orc warrior/bolt (22)]
  6035 | Bailey   | Shot with a bolt by an orc warrior

Illustrated notes

Levels and vault maps discovered:
D:1:      dpeg_arrival_chambers_temple_mockup, layout_basic
D:2:      layout_loops_cross, st_stairs_6, minmay_rat_hole
D:3:      layout_basic, mainiacjoe_overflow_boulevard,
          hellmonk_ecumenical_altar_blasted, hangedman_decor_growths
D:4:      layout_rooms
D:5:      layout_loops_ring
D:6:      layout_basic, cheibrodos_worm_habitat,
          nicolae_overflow_quartered_altars, serial_shops,
          nicolae_lakefront_shop
D:7:      layout_rooms, minmay_temple_entry_ruins, enter_bailey_5
Temple:   minmay_temple_bridge_d
Bailey:   bailey_polearm_2, bailey

Skill      XL: |  1  2  3  4  5  6  7  8 |
---------------+-------------------------+-----
Fighting       | 4 5 6 7 |  7.5
Axes           | 3 4 5 6 |  6.9
Armour         | 4 5 6 7 |  7.5
Shields        | 4 5 6 7 |  7.5
Throwing       | 2 3 |  3.8

Action                   |  1- 3 |  4- 6 |  7- 9 || total
-------------------------+-------+-------+-------++-------
Melee: War axe           |   106 |    99 |   105 ||   310
       Headbutt          |    15 |    15 |    16 ||    46
Throw: Dart              |       |     4 |       ||     4
       Boomerang         |       |     9 |    22 ||    31
  Use: Scroll            |       |       |     6 ||     6
Armor: Scale mail        |    51 |    52 |    46 ||   149
Dodge: Dodged            |    60 |    48 |    64 ||   172
Block: Buckler           |    30 |    29 |    35 ||    94
